 Dungeon Crawl Stone Soup version 0.27-a0-1105-g946c659c87 (webtiles) character file.

Game seed: 15260972658036606503

39 kae the Skirmisher (level 3, 0/43 HPs)
             Began as a Formicid Abyssal Knight on Apr 29, 2021.
             Was a Believer of Lugonu.
             Succumbed to an adder's poison
             ... on level 2 of the Dungeon.
             The game lasted 00:00:48 (1566 turns).

kae the Skirmisher (Formicid Abyssal Knight)        Turns: 1566, Time: 00:00:49

Health: 0/43       AC: 21    Str: 17    XL:     3   Next: 70%
Magic:  5/5        EV:  2    Int: 11    God:    Lugonu [**....]
Gold:   13         SH:  0    Dex: 10    Spells: 2/2 levels left

rFire    . . .     SeeInvis .   a - +1 falchion
rCold    . . .     Faith    .   (no shield)
rNeg     + + +     Spirit   .   (armour currently unavailable)
rPois    +         Reflect  .   (helmet unavailable)
rElec    .         Harm     .   (cloak currently unavailable)
rCorr    .         Rampage  .   (gloves currently unavailable)
Will     .....                  (boots currently unavailable)
Stlth    +.........             (no amulet)
HPRegen  0.14/turn              (no ring)
MPRegen  0.09/turn              (no ring)

@: mighty, lethally poisoned (0 -> -4), tree-form
A: stationary, stasis, torment immunity, boosted hp, permanent stasis, dig
shafts and tunnels, (antennae 3), four strong arms
a: Renounce Religion, Depart the Abyss, Bend Space


You were on level 2 of the Dungeon.
You worshipped Lugonu.
Lugonu was pleased with you.
You were a tree.
You visited 1 branch of the dungeon, and saw 2 of its levels.
You visited the Abyss 1 time.

You collected 13 gold pieces.

Inventory:

Hand Weapons
 a - a +1 falchion (weapon)
Armour
 b - a +0 leather armour (melded)
Scrolls
 d - a scroll of enchant weapon {unknown}
Potions
 e - a potion of might


   Skills:
 + Level 3.6 Fighting
 * Level 2.6 Long Blades
 + Level 2.5 Armour
 + Level 1.3 Dodging
 + Level 2.7 Invocations


You had 2 spell levels left.
You didn't know any spells.
Your spell library was empty.

Dungeon Overview and Level Annotations

Branches:
Dungeon (2/15)

Altars:


Innate Abilities, Weirdness & Mutations

You are a tree.
Your roots penetrate the ground, keeping you stationary.
You cannot be teleported.
You are immune to unholy pain and torment.
Your maximum health is greatly increased.
Your equipment is partially melded.
You cannot be hasted, slowed, berserked, paralysed or teleported.
You can dig through walls and to a lower floor.
((You have a pair of large antennae on your head. (SInv)))
Your four strong arms can wield two-handed weapons with a shield.


Message History

You hit the rat.
You kill the rat!
Lugonu accepts your kill.
You miss the adder. The adder bites you. The adder closely misses you.
You hit the adder.
The adder is moderately wounded.
The adder bites you.
You are poisoned.
The adder poisons you!
You closely miss the adder.
The adder is moderately wounded.
You feel sick. The adder bites you. x2
You are too injured to fight recklessly!
You are too injured to fight recklessly!
You are too injured to fight recklessly!
You are too injured to fight recklessly!
You are too injured to fight recklessly!
You miss the adder.
The adder is moderately wounded.
You feel sick. The adder barely misses you.
You hit the adder.
The adder is severely wounded.
You feel sick. The adder bites you.
* * * LOW HITPOINT WARNING * * *
You are lethally poisoned!
The adder poisons you! The adder bites you.
* * * LOW HITPOINT WARNING * * *
You miss the adder.
The adder is severely wounded.
* * * LOW HITPOINT WARNING * * *
You feel sick. The adder bites you.
* * * LOW HITPOINT WARNING * * *
It was a potion of lignification.
You turn into a tree.
Your +0 leather armour melds into your body.
Your roots penetrate the ground.
* * * LOW HITPOINT WARNING * * *
You feel sick. The adder bites you but does no damage.
It was a potion of might.
You feel very mighty all of a sudden.
You die...

.................#######
...#####.###...# #.#
##### #.# #.# #.# ## #.#
##...#.#####...
........♣S......
.........†.##...
.#.#.......... #
#.#.#.#.#.#.# #........
.. .#.#.#.#.# #. #... .
.... #.#.# #.#.#


You could see an adder.

Vanquished Creatures
  2 dart slugs (D:1)
  3 bats
  4 endoplasms
  A goblin (D:1)
  5 hobgoblins
  6 jackals
  A ball python (D:1)
  3 frilled lizards (D:1)
  2 kobolds (D:1)
  6 rats
33 creatures vanquished.

Notes
Turn   | Place    | Note
-------+----------+-------------------------------------------
     0 | Abyss:1  | kae the Formicid Abyssal Knight began the quest for the
                  | Orb.
     0 | Abyss:1  | Reached XP level 1. HP: 18/18 MP: 2/2
    25 | D:1      | Escaped the Abyss
    60 | D:1      | Reached skill level 1 in Dodging
    65 | D:1      | Reached XP level 2. HP: 17/24 MP: 3/3
   500 | D:1      | Reached ** piety under Lugonu
   502 | D:1      | Reached XP level 3. HP: 29/29 MP: 4/4
  1565 | D:2      | HP: 1/43 [poisoned by an adder]
  1566 | D:2      | Succumbed to an adder's poison

Illustrated notes

Levels and vault maps discovered:
D:1:      minmay_arrival_three_doors, layout_loops_ring
D:2:      layout_loops_corners, hex_large, kennysheep_generic_room_5,
          uniq_terence

Skill      XL: |  1 |
---------------+----+-----
Dodging        | 1 |  1.3
Fighting       | |  3.6
Long Blades    | |  2.6
Armour         | |  2.5
Invocations    | |  2.7

Action                   || total
-------------------------++-------
Melee: Falchion          ||    90
  Use: Scroll            ||     2
       Potion            ||     2
Armor: Leather armour    ||    26
       Skin              ||     1
Dodge: Dodged            ||    57
       Rpst.: Falchion   ||    14

Table legend: (Time is in decaauts)
 A = Elapsed time spent in this place.
 B = Non-inter-level travel time spent in this place.
 C = Inter-level travel time spent in this place.
 D = Time resting spent in this place.
 E = Time spent auto-exploring this place.
 F = Levels seen in this place.
 G = Mean time per level.
                   A        B        C        D        E       F      G
               +--------+--------+--------+--------+--------+-----+--------+
         Total |   1581 |   1559 |     22 |    190 |   1163 |   3 |  527.0 |
       Dungeon |   1556 |   1534 |     22 |    190 |   1141 |   2 |  778.0 |
         Abyss |     25 |     25 |      0 |      0 |     22 |   1 |   25.0 |
               +--------+--------+--------+--------+--------+-----+--------+

Top non-repeatable levels by time:
     D:1: 1159 daAuts
     D:2: 397 daAuts
 Abyss:1: 25 daAuts
